 Dungeon Crawl Stone Soup version 0.20-a0-16-g0876c8e (webtiles) character file.

88565 JeffiDaFish the Fighter (level 15, -1/97 HPs)
             Began as a Gargoyle Fighter on Nov 4, 2016.
             Was the Champion of Makhleb.
             Slain by an entropy weaver (14 damage)
             ... on level 13 of the Dungeon on Nov 5, 2016.
             The game lasted 01:26:29 (22760 turns).

JeffiDaFish the Fighter (Gargoyle Fighter)         Turns: 22760, Time: 01:26:30

Health: -1/97      AC: -10   Str: 30    XL:     15   Next: 94%
Magic:  22/22      EV: 10    Int: 17    God:    Makhleb [******]
Gold:   1086       SH: 19    Dex: 11    Spells: 3 memorised, 18 levels left

rFire  x . .     SeeInvis .     r - +9 dagger of Chilly Death {flash freeze, rPois rF- rC++ MR+}
rCold  + + .     Gourm    .     b - +0 plate armour
rNeg   + . .     Faith    +     c - +5 shield
rPois  ∞         Spirit   .     o - +1 helmet "Kaun Coi" {Str+6}
rElec  +         Reflect  .     (no cloak)
rCorr  .         Harm     .     (no gloves)
MR     ++...                    (no boots)
Stlth  ..........               G - amulet "Afedon" {Faith rPois Int+2}
                                t - +2 ring of protection
                                d - +6 ring of intelligence

@: corroded, very slightly contaminated, invisible
A: big wings, yellow scales 1, blurry vision 1, low mp 1, negative energy
resistance 1, electricity resistance, unbreathing, petrification resistance, rot
immunity, AC +11
a: Fly, Minor Destruction, Lesser Servant of Makhleb, Major Destruction, Greater
Servant of Makhleb, Renounce Religion


You were on level 13 of the Dungeon.
You worshipped Makhleb.
Makhleb was exalted by your worship.
You were very hungry.

You visited 3 branches of the dungeon, and saw 20 of its levels.

You collected 1416 gold pieces.
You spent 330 gold pieces at shops.

Inventory:

Hand Weapons
 r - the +9 dagger of Chilly Death (weapon) {flash freeze, rPois rF- rC++ MR+}
   (You found it on level 5 of the Lair of Beasts)

   It has been specially enchanted to freeze those struck by it, causing extra
   injury to most foes and up to half again as much damage against particularly
   susceptible opponents.
   It can also slow down cold-blooded creatures.
   It makes you vulnerable to fire.
   It greatly protects you from cold.
   It protects you from poison.
   It affects your resistance to hostile enchantments.
Armour
 b - a +0 plate armour (worn)
 c - a +5 shield (worn)
 o - the +1 helmet "Kaun Coi" (worn) {Str+6}
   (You found it on level 2 of the Lair of Beasts)

   It affects your strength (+6).
 z - a +1 helmet
Jewellery
 d - a +6 ring of intelligence (left hand)
 i - an uncursed ring of stealth
 t - a +2 ring of protection (right hand)
 G - the amulet "Afedon" (around neck) {Faith rPois Int+2}
   (You found it on level 9 of the Dungeon)

   [amulet of faith]

   It allows you to gain divine favour quickly.
   It affects your intelligence (+2).
   It protects you from poison.
Wands
 q - a wand of heal wounds (2/9)
Scrolls
 h - 3 scrolls of fog
 k - 15 scrolls of remove curse
 m - 11 scrolls of identify
 n - 3 scrolls of teleportation
 u - a scroll of holy word
 v - 3 scrolls of fear
 x - a scroll of recharging
 A - a scroll of magic mapping
Potions
 g - 2 potions of brilliance
 B - a potion of ambrosia
 C - 3 potions of flight
 F - 2 potions of agility {unknown}
 K - a potion of haste
Books
 e - a book of Conjurations

   Spells                             Type                      Level
   a - Magic Dart                     Conjuration                  1
   b - Searing Ray                    Conjuration                  2
   c - Dazzling Spray                 Conjuration/Hexes            3
   d - Fulminant Prism                Conjuration/Hexes            4
   e - Iskenderun's Mystic Blast      Conjuration                  4
   f - Iskenderun's Battlesphere      Conjuration/Charms           5
 p - a book of Cantrips

   Spells                             Type                      Level
   a - Confusing Touch                Hexes                        1
   b - Animate Skeleton               Necromancy                   1
   c - Summon Small Mammal            Summoning                    1
   d - Apportation                    Translocation                1
 s - a book of Necromancy

   Spells                             Type                      Level
   a - Pain                           Necromancy                   1
   b - Animate Skeleton               Necromancy                   1
   c - Vampiric Draining              Necromancy                   3
   d - Regeneration                   Charms/Necromancy            3
   e - Animate Dead                   Necromancy                   4
   f - Control Undead                 Necromancy                   4
Miscellaneous
 y - a sack of spiders
Comestibles
 a - 2 slices of pizza
 f - 12 bread rations
 j - 6 meat rations
 l - 3 beef jerkies
 w - 28 fruits


   Skills:
 * Level 12.7 Fighting
 * Level 11.2 Short Blades
 * Level 12.4 Armour
 + Level 6.1 Dodging
 * Level 12.5 Shields
 + Level 6.7 Spellcasting
 * Level 6.2 Conjurations
 + Level 6.4 Necromancy


You had 18 spell levels left.
You knew the following spells:

 Your Spells              Type           Power        Failure   Level  Hunger
a - Animate Skeleton      Necr           N/A          10%         1    None
b - Fulminant Prism       Conj/Hex       ###.......   100%        4    ####...
c - Animate Dead          Necr           N/A          77%         4    ####...


Dungeon Overview and Level Annotations

Branches:
Dungeon (13/15)            Temple (1/1) D:5            Lair (6/6) D:9
 Shoals (0/4) Lair:2       Spider (0/4) Lair:2        Slime (0/5) Lair:5
    Orc (0/2) D:10
 Vaults: D:13-14

Altars:
Ashenzari
Cheibriados
Dithmenos
Elyvilon
Fedhas
Gozag
Hepliaklqana
Kikubaaqudgha
Makhleb
Nemelex Xobeh
Okawaru
Qazlal
Ru
Sif Muna
Trog
Uskayaw
Vehumet
Xom
Yredelemnul
Zin
The Shining One

Shops:
D:4 }   D:5 :   D:10 ?


Innate Abilities, Weirdness & Mutations

You are resistant to torment.
Your stone body is resilient. (AC +11)
You are immune to poison.
Your large and strong wings let you fly indefinitely.
You resist negative energy. (rN+)
You are resistant to electric shocks. (rElec)
You can survive without breathing.
You are immune to petrification.
You are immune to rotting.
You are partially covered in yellow scales. (AC +2)
Scrolls take you a little longer to read.
Your magical capacity is low. (-10% MP)


Message History

...and don't expect to remain undetected.
The entropy weaver twitches its antennae in your direction.
The entropy weaver mumbles some strange words.
The entropic weave corrodes you!
You are feeling very hungry.
The entropy weaver mumbles some strange words.
The entropic weave corrodes you!
The entropy weaver casts a spell.
The entropic weave corrodes you!
The entropy weaver casts a spell.
The entropic weave corrodes you! The entropy weaver hits you! x2
* * * LOW HITPOINT WARNING * * *
The entropy weaver hits you!
* * * LOW HITPOINT WARNING * * *
The entropy weaver hits you.
* * * LOW HITPOINT WARNING * * *
The soldier ant waves its antennae.
The entropy weaver splashes around in the water.
You block the entropy weaver's attack. x2; The entropy weaver hits you!
You die...

≈≈≈≈≈≈########## #.#.######
≈###≈≈≈≈.......# #######...# .#
###≈≈)≈≈≈...###.≈≈....########
.######.≈≈≈≈≈....≈≈≈≈≈≈..#.......
........≈≈≈≈≈≈≈≈≈≈≈≈≈≈≈≈.#.......
...........≈≈≈≈aa≈≈≈≈≈≈≈≈######.#
........####≈a≈≈≈a≈.≈≈≈≈≈≈.≈≈≈≈≈≈
........# #.≈≈≈≈a≈....≈≈≈≈≈≈≈≈≈≈
..._....# #....@.......≈≈≈≈≈≈≈≈≈
........# #....<.........≈≈≈≈≈≈≈
........# #.............#≈.≈≈≈≈≈
........# #.............####≈≈..
........ #.............# #...#
........ #.............######.#
........ #....................#
######## ###################..# #
#...


You could see 2 entropy weavers and 3 soldier ants.

Vanquished Creatures
  An ice dragon (Lair:5)
  4 hydras
  The ghost of bmwyatt74 the Basher, a journeyman GrMo of Okawaru (Lair:1)
  A merfolk avatar (Lair:6)
  4 death yaks (Lair:4)
  A fire crab (Lair:6)
  The ghost of 00Nightcrawler the Spear-Bearer, a novice MfAK of Lugonu (D:7)
  The ghost of GlassEater the Grappler, a novice TrBe of Trog (D:6)
  6 hill giants
  2 harpies (Lair:6)
  Pikel (D:9)
  An ugly thing (D:13)
  A siren (Lair:2)
  3 manticores
  4 cyclopes
  The ghost of GlassEater the Covert, a novice KoAs (D:5)
  12 elephants
  Maurice (D:8)
  3 black mambas
  13 spiny frogs
  A centaur skeleton (D:7)
  11 rime drakes
  5 komodo dragons
  6 meliai (D:13)
  A merfolk (Lair:2)
  7 hornets
  4 trolls
  6 polar bears
  2 wind drakes (Lair:6)
  Prince Ribbit (D:9)
  Grinder (D:4)
  3 slime creatures (D:12)
  7 dream sheep (Lair:3)
  5 hippogriffs
  22 blink frogs
  A spriggan (D:9)
  3 wyverns
  A water elemental (D:13)
  24 yaks
  3 wraiths (D:11)
  A vampire (D:10)
  3 hungry ghosts
  A mottled dragon (D:12)
  3 basilisks
  A warg (D:10)
  6 soldier ants (D:13)
  17 water moccasins
  A porcupine (Lair:4)
  A slave (D:9)
  5 phantoms
  3 black bears
  2 necrophages
  12 ogres
  11 orc warriors
  2 sky beasts (D:7)
  20 ice beasts
  9 wolves
  4 centaurs
  11 crocodiles
  18 bullfrogs
  2 big kobolds (D:7)
  2 wyvern zombies
  A gnoll sergeant (D:7)
  A water moccasin zombie (D:7)
  2 scorpions
  3 killer bees (D:12)
  4 howler monkeys
  5 electric eels
  2 crimson imps
  A bullfrog zombie (D:5)
  A centaur zombie (D:6)
  2 jellies (Lair:5)
  4 hounds
  6 orc priests
  2 bullfrog skeletons
  19 orc wizards
  4 iguanas
  4 gnoll shamans (D:7)
  Terence (D:3)
  6 worker ants
  A killer bee zombie (D:8)
  A hound zombie (D:7)
  2 howler monkey zombies
  10 gnolls (D:7)
  10 adders
  5 oozes
  2 adder skeletons
  3 worms (D:2)
  A dart slug (D:2)
  5 leopard geckos
  64 orcs
  3 ball pythons
  9 bats
  6 giant cockroaches
  13 goblins
  9 hobgoblins
  15 jackals
  6 quokkas
  8 frilled lizards
  A jackal skeleton (D:5)
  7 kobolds
  A leopard gecko skeleton (D:4)
  A quokka skeleton (D:4)
  7 rats
  A plant (D:7)
570 creatures vanquished.

Vanquished Creatures (collateral kills)
  Josephine (D:11)
  A queen ant (D:13)
  An ugly thing (D:13)
  A cyclops (D:12)
  A soldier ant (D:13)
  A water moccasin (Lair:6)
  A centaur (D:11)
  A crimson imp (D:13)
  A worker ant (D:13)
  A shadow imp (D:11)
  2 orcs
12 creatures vanquished.

Vanquished Creatures (others)
  22 fungi
  41 plants
  4 toadstools (D:1)
67 creatures vanquished.

Grand Total: 649 creatures vanquished

Notes
Turn   | Place    | Note
-------+----------+-------------------------------------------
     0 | D:1      | JeffiDaFish the Gargoyle Fighter began the quest for the Orb.
     0 | D:1      | Reached XP level 1. HP: 14/14 MP: 1/1
    51 | D:1      | Reached XP level 2. HP: 16/19 MP: 2/2
   211 | D:1      | Reached XP level 3. HP: 23/23 MP: 3/3
   790 | D:2      | Found a blossoming altar of Fedhas.
   794 | D:2      | Found a stormy altar of Qazlal.
   897 | D:2      | Reached XP level 4. HP: 24/28 MP: 4/4
  1260 | D:3      | Gained mutation: Scrolls take you a little longer to read. [potion of mutation]
  1260 | D:3      | Gained mutation: Your magical capacity is low. (-10% MP) [potion of mutation]
  1260 | D:3      | Gained mutation: You are partially covered in yellow scales. (AC +2) [potion of mutation]
  1465 | D:3      | Reached XP level 5. HP: 33/33 MP: 4/4
  1534 | D:3      | Noticed Terence
  1627 | D:3      | Killed Terence
  1627 | D:3      | Reached XP level 6. HP: 33/38 MP: 5/5
  1979 | D:4      | Found an iron altar of Okawaru.
  2261 | D:4      | Learned a level 1 spell: Animate Skeleton
  2261 | D:4      | Noticed Grinder
  2281 | D:4      | Paralysed by Grinder for 7 turns
  2293 | D:4      | Killed Grinder
  2293 | D:4      | Reached skill level 5 in Shields
  2293 | D:4      | Reached XP level 7. HP: 26/44 MP: 5/7
  2522 | D:4      | Reached skill level 1 in Dodging
  2522 | D:4      | Reached skill level 1 in Necromancy
  2551 | D:4      | Found Kiom's Gadget Emporium.
  2945 | D:4      | Reached skill level 5 in Armour
  2945 | D:4      | Reached skill level 1 in Spellcasting
  3252 | D:5      | Entered Level 5 of the Dungeon
  3331 | D:5      | Noticed a hornet
  3368 | D:5      | Killed a hornet
  3368 | D:5      | Reached skill level 5 in Fighting
  3368 | D:5      | Reached XP level 8. HP: 6/49 MP: 7/9
  3713 | D:5      | Noticed GlassEater's ghost (novice KoAs)
  3735 | D:5      | Killed GlassEater's ghost
  3735 | D:5      | Reached skill level 5 in Short Blades
  3774 | D:5      | Found Qeg Vyf's Book Shop.
  3998 | D:5      | Found a staircase to the Ecumenical Temple.
  4012 | Temple   | Entered the Ecumenical Temple
  4128 | Temple   | Became a worshipper of Makhleb the Destroyer
  4491 | D:5      | Found a shimmering altar of Xom.
  4517 | D:5      | Reached XP level 9. HP: 36/55 MP: 11/11
  5092 | D:6      | Noticed GlassEater's ghost (novice TrBe)
  5113 | D:6      | Killed GlassEater's ghost
  5115 | D:6      | Reached * piety under Makhleb
  5821 | D:6      | Found a radiant altar of Vehumet.
  6253 | D:6      | Found a glowing golden altar of the Shining One.
  6511 | D:7      | Reached XP level 10. HP: 62/63 MP: 13/13
  6797 | D:7      | Reached ** piety under Makhleb
  7082 | D:7      | Found a glowing silver altar of Zin.
  7173 | D:7      | Got a jewelled hand axe {pain}
  7174 | D:7      | Identified the +2 hand axe "Cikkimef" {pain, rElec rF+ Stlth-} (You took it off a gnoll on level 7 of the Dungeon)
  7756 | D:7      | Noticed 00Nightcrawler's ghost (novice MfAK)
  7845 | D:7      | Killed 00Nightcrawler's ghost
  8517 | D:8      | Noticed Maurice
  8564 | D:8      | Killed Maurice
  8766 | D:8      | Reached *** piety under Makhleb
  9056 | D:8      | Reached XP level 11. HP: 69/69 MP: 15/15
  9644 | D:9      | Noticed Pikel
  9694 | D:9      | Killed Pikel
  9873 | D:9      | Found a snail-covered altar of Cheibriados.
  9878 | D:9      | Got a warped sapphire amulet
  9880 | D:9      | Identified the amulet "Afedon" {Faith rPois Int+2} (You found it on level 9 of the Dungeon)
  9959 | D:9      | Noticed Prince Ribbit
 10003 | D:9      | Killed Prince Ribbit
 10108 | D:9      | Found a staircase to the Lair.
 10256 | Lair:1   | Entered Level 1 of the Lair of Beasts
 11164 | Lair:1   | Noticed bmwyatt74's ghost (journeyman GrMo)
 11188 | Lair:1   | Killed bmwyatt74's ghost
 11828 | Lair:2   | Found a hole to the Spider Nest.
 11830 | Lair:2   | Got a polished helmet
 11841 | Lair:2   | Identified the +1 helmet "Kaun Coi" {Str+6} (You found it on level 2 of the Lair of Beasts)
 12034 | Lair:2   | Reached XP level 12. HP: 76/76 MP: 17/17
 12443 | Lair:2   | Found a staircase to the Shoals.
 13006 | Lair:3   | Reached skill level 5 in Spellcasting
 13042 | Lair:3   | Reached skill level 10 in Shields
 13279 | Lair:3   | Reached skill level 10 in Fighting
 13356 | Lair:3   | Reached skill level 10 in Armour
 13364 | Lair:3   | Reached **** piety under Makhleb
 13845 | Lair:4   | Reached skill level 5 in Dodging
 14060 | Lair:4   | Noticed a five-headed hydra
 14079 | Lair:4   | Killed a five-headed hydra
 14079 | Lair:4   | Reached skill level 5 in Necromancy
 14165 | Lair:4   | Noticed a death yak
 14170 | Lair:4   | Noticed a death yak
 14171 | Lair:4   | Noticed a death yak
 14171 | Lair:4   | Noticed a death yak
 14214 | Lair:4   | Killed a death yak
 14364 | Lair:4   | Killed a death yak
 14364 | Lair:4   | Reached XP level 13. HP: 51/83 MP: 19/19
 15521 | Lair:5   | Reached ***** piety under Makhleb
 15809 | Lair:5   | Noticed an ice dragon
 16098 | Lair:5   | Found a staircase to the Slime Pits.
 16235 | Lair:5   | Reached skill level 10 in Short Blades
 16511 | Lair:5   | Learned a level 4 spell: Fulminant Prism
 16522 | Lair:6   | Entered Level 6 of the Lair of Beasts
 16817 | Lair:6   | Reached skill level 1 in Conjurations
 17352 | Lair:6   | Gained mutation: Your large and strong wings let you fly indefinitely. [Gargoyle growth]
 17352 | Lair:6   | Reached XP level 14. HP: 91/91 MP: 20/20
 18671 | Lair:5   | You fall through a shaft!
 18812 | D:10     | Entered Level 10 of the Dungeon
 18889 | D:10     | Found Defalyke's Magic Scroll Boutique.
 19042 | D:10     | Found a bloodstained altar of Trog.
 19164 | D:10     | Found a staircase to the Orcish Mines.
 19679 | D:11     | Reached ****** piety under Makhleb
 19779 | D:11     | Noticed Josephine
 19796 | D:11     | Killed Josephine
 19984 | D:11     | Reached skill level 5 in Conjurations
 19984 | D:11     | Reached XP level 15. HP: 97/97 MP: 22/22
 19987 | D:11     | Learned a level 1 spell: Magic Dart
 21475 | D:5      | Bought a book of Necromancy for 330 gold pieces
 21480 | D:5      | Learned a level 4 spell: Animate Dead
 22276 | D:13     | Found an ancient bone altar of Kikubaaqudgha.
 22760 | D:13     | Slain by an entropy weaver

Vault maps used:
D:1:      ldierk_water_garden
D:2:      grunt_temple_overflow_forces_of_nature
D:3:      uniq_terence
D:4:      serial_shops, nicolae_shop_trees, first_bread, okawaru_trees_1,
          uniq_grinder
D:5:      basic_altar, serial_shops, shop_coins
D:6:      tso_altar, basic_altar
D:7:      kennysheep_seaside_town, zin_scriptorium
D:8:      uniq_maurice
D:9:      marbit_many_paths, david_lair_shrubbed, dk_noncrumbling_3, the_bakery,
          kennysheep_generic_room_8, uniq_pikel, uniq_prince_ribbit1
D:10:     david_orc_3, serial_shops, shop, basic_altar
D:11:     uniq_josephine
D:12:     grunt_decor_one_mirror, eino_tiny_chamber
D:13:     basic_altar, spider_trap, zaba_antful_of_joy
Temple:   eino_temple_scatter_basement
Lair:1:   grunt_megastairs_3
Lair:2:   elwin_shoals_entry_rooms, dummy_spider_entry,
          infiniplex_staircase_pool, lemuel_fruit_fields
Lair:4:   serial_bayou_shore_a, lemuel_fruit_tree
Lair:5:   nicolae_slime_entry_slimehenge, st_stairs_10,
          minmay_guarded_unrand_chilly_death
Lair:6:   gammafunk_lair_ancient_temple

Skill      XL: |  1  2  3  4  5  6  7  8  9 10 11 12 13 14 15 |
---------------+----------------------------------------------+-----
Short Blades   | 2 3 4 5 6 7 8 9 10 11 | 11.2
Shields        | 4 5 6 7 8 9 10 11 12 | 12.5
Armour         | 4 5 6 7 8 9 10 11 12 | 12.4
Fighting       | 4 5 6 7 8 9 10 11 12 | 12.7
Dodging        | 1 2 3 4 5 6 |  6.1
Necromancy     | 1 2 3 4 5 6 |  6.4
Spellcasting   | 1 2 3 4 5 6 |  6.7
Conjurations   | 2 5 6 |  6.2

Action                   |  1- 3 |  4- 6 |  7- 9 | 10-12 | 13-15 || total
-------------------------+-------+-------+-------+-------+-------++-------
Melee: Rapier            |   135 |   243 |   581 |  1875 |   390 ||  3224
       Dagger            |       |       |       |       |  1544 ||  1544
       Hand axe          |       |       |       |       |    49 ||    49
 Cast: Animate Skeleton  |       |       |       |       |    47 ||    47
       Magic Dart        |       |       |       |       |     3 ||     3
Evoke: Wand              |       |       |       |     1 |     2 ||     3
  Use: Scroll            |     4 |     6 |     7 |     6 |    12 ||    35
       Potion            |     3 |     5 |     1 |     7 |     6 ||    22
 Stab: Invisible         |       |       |       |     7 |    13 ||    20
       Distracted        |       |       |       |       |     2 ||     2
  Eat: Chunk             |       |     5 |    17 |    23 |    26 ||    71
       Bread ration      |       |       |       |     1 |     1 ||     2
       Royal jelly       |       |       |       |       |     1 ||     1
Armor: Scale mail        |    25 |       |       |       |       ||    25
       Chain mail        |    42 |   156 |   278 |       |       ||   476
       Plate armour      |       |       |    55 |   796 |   736 ||  1587
Dodge: Dodged            |    32 |    47 |   145 |   342 |   419 ||   985
Block: Shield            |    52 |   100 |   375 |  1301 |  1337 ||  3165
